 Dungeon Crawl Stone Soup version 0.29.1-12-g30fa7ad0bf (webtiles) character file.

Game seed: 11078696050796275294

25 shoemetal68 the Trooper (level 3, 0/29 HPs)
             Began as a Human Fighter on Dec 16, 2022.
             Slain by an adder (3 damage)
             ... on level 2 of the Dungeon.
             The game lasted 00:05:20 (551 turns).

shoemetal68 the Trooper (Human Fighter)              Turns: 551, Time: 00:05:21

Health: 0/29       AC:  6    Str: 16    XL:     3   Next: 20%
Magic:  3/3        EV:  8    Int: 10    God:
Gold:   51         SH:  4    Dex: 12    Spells: 2/2 levels left

rFire   . . .      SeeInvis .   a - +0 war axe
rCold   . . .      Faith    .   c - +0 buckler
rNeg    . . .      Spirit   .   b - +0 scale mail
rPois   .          Reflect  .   (no helmet)
rElec   .          Harm     .   (no cloak)
rCorr   .          Rampage  .   (no gloves)
Will    .....                   (no boots)
Stlth   ..........              (no amulet)
HPRegen 0.09/turn               (no ring)
MPRegen 0.08/turn               (no ring)

@: lethally poisoned (0 -> -1)
A: no striking features
a: no special abilities


You were on level 2 of the Dungeon.
You visited 1 branch of the dungeon, and saw 2 of its levels.

You collected 51 gold pieces.

Inventory:

Hand Weapons
 a - a +0 war axe (weapon)
Armour
 b - a +0 scale mail (worn)
 c - a +0 buckler (worn)
Scrolls
 e - a scroll of brand weapon {unknown}
Potions
 d - a potion of might


   Skills:
 + Level 3.5 Fighting
 + Level 2.3 Axes
 + Level 3.1 Armour
 + Level 0.1 Dodging
 + Level 3.2 Shields


You had 2 spell levels left.
You didn't know any spells.
Your spell library was empty.

Dungeon Overview and Level Annotations

Branches:
Dungeon (2/15)

Altars:


Message History

You see here a +0 ring mail.
Blink to where?
Press: ? - help, Dir - move target, f - you
Okay, then.
As you read the scroll labelled UHYPSA JENGEWE, it crumbles to dust.
It was a scroll of blinking.
Found a scroll labelled SERUUM NUIRRE.
There is a stone staircase leading down here.
Found a robe.
A bat comes into view.
The bat moves out of view.
A giant cockroach and 2 adders come into view.
The adder hisses angrily. x2
The adder bites you but does no damage. The adder bites you but does no damage.
Found a scroll labelled ETADAG BIOT.
The bat hits you but does no damage.
You barely miss the adder. You hit the bat.
You kill the bat!
The adder bites you.
* * * LOW HITPOINT WARNING * * *
You are poisoned.
The adder poisons you! The adder bites you but does no damage.
The giant cockroach bites you but does no damage.
You miss the adder. You closely miss the giant cockroach.
* * * LOW HITPOINT WARNING * * *
You feel sick. You block the adder's attack.
You block the giant cockroach's attack. The adder bites you but does no damage.
You slash the adder!
The adder is heavily wounded.
You hit the giant cockroach.
* * * LOW HITPOINT WARNING * * *
You feel sick. The giant cockroach closely misses you.
The adder closely misses you. You block the giant cockroach's attack.
The adder barely misses you.
You barely miss the adder.
The adder is heavily wounded.
You closely miss the giant cockroach.
You feel sick.
The giant cockroach bites you but does no damage.
The adder bites you.
You die...

#.# #.......? .......
#.# #......# .......
#.###.....#### .......
#............. .......
[.......#########.......
......>.........#.B.....
........#######.S# #
........# ##S#?#
........# #@B.#
........# ##....#
........# #.#...#
######.## ...... #.#
..[.#. ..... ..... ....


You could see 2 adders and a giant cockroach.

Vanquished Creatures
  An adder (D:2)
  A ball python (D:1)
  4 bats
  An endoplasm (D:1)
  A giant cockroach (D:2)
  A hobgoblin (D:2)
  A kobold (D:2)
  2 quokkas (D:1)
  2 frilled lizards
  A goblin (D:1)
15 creatures vanquished.

Vanquished Creatures (others)
  3 fungi (D:1)
3 creatures vanquished.

Grand Total: 18 creatures vanquished

Notes
Turn   | Place    | Note
-------+----------+-------------------------------------------
     0 | D:1      | shoemetal68 the Human Fighter began the quest for the Orb.
     0 | D:1      | Reached XP level 1. HP: 18/18 MP: 1/1
   215 | D:1      | Reached XP level 2. HP: 24/24 MP: 2/2
   495 | D:2      | Reached XP level 3. HP: 22/29 MP: 3/3
   551 | D:2      | Slain by an adder

Illustrated notes

Levels and vault maps discovered:
D:1:      ncdulo_halloftheorcs, layout_basic, dreamdust_mushroom_princess,
          chequers_serial_rivers_small_3
D:2:      layout_basic, basic_ecumenical_altar

Action                   || total
-------------------------++-------
Melee: War axe           ||    40
  Use: Scroll            ||     2
Armor: Scale mail        ||    32
Dodge: Dodged            ||    26
Block: Buckler           ||    19
